 Dungeon Crawl Stone Soup version 0.16.2-12-gd0ad4c3 (webtiles) character file.

37 magipi the Chopper (level 3, -1/28 (29) HPs)
             Began as a Ghoul Gladiator on July 28, 2016.
             Slain by an adder (3 damage)
             ... on level 2 of the Dungeon.
             The game lasted 00:04:15 (640 turns).

magipi the Chopper (Ghoul Gladiator)                 Turns: 640, Time: 00:04:16

HP:   -1/28 (29)    AC:  4    Str: 18    XL:     3   Next: 41%
MP:   3/3           EV: 12    Int:  3    God:
Gold: 48            SH:  0    Dex: 10    Spells: 0 memorised, 2 levels left

rFire  . . .     SeeInvis .     a - +0 war axe
rCold  + . .     Clarity  .     b - +0 leather armour
rNeg   + + +     SustAb   .     (no shield)
rPois  ∞         Gourm    .     c - +0 helmet
rElec  .         Spirit   .     (no cloak)
rCorr  .         Warding  .     (no gloves)
rMut   .         Stasis   .     (no boots)
MR     .....                    (no amulet)
Stlth  +.........               (no ring)
                                (no ring)

@: rotting, not resistant to hostile enchantments, very unstealthy
A: rotting body, claws 1, carnivore 3, cold resistance 1, negative energy
resistance 3, poison resistance, slow healing 1, torment resistance, unbreathing
a: no special abilities


You were on level 2 of the Dungeon.
You were not hungry.

You visited 1 branch of the dungeon, and saw 2 of its levels.

You collected 48 gold pieces.

Inventory:

Hand weapons
 a - a +0 war axe (weapon)
Armour
 b - a +0 leather armour (worn)
 c - a +0 helmet (worn)
Scrolls
 e - a scroll of remove curse {unknown}
 f - a scroll of teleportation {unknown}
 j - a scroll of random uselessness {unknown}
 k - a scroll of fog {unknown}
Potions
 g - a potion of curing {unknown}
 i - 2 potions of heal wounds {unknown}


   Skills:
 - Level 2.1 Fighting
 * Level 3.4 Axes
 + Level 2.5 Throwing
 - Level 2.6 Dodging


You had 2 spell levels left.
You didn't know any spells.

Dungeon Overview and Level Annotations

Branches:
Dungeon (2/15)

Altars:


Innate Abilities, Weirdness & Mutations

Your body is rotting away.
You thrive on raw meat.
You have sharp fingernails.
You are carnivorous and can eat meat at any time.
Your flesh is cold resistant.
You are immune to negative energy.
Your system is resistant to poisons.
You heal slowly when monsters are visible.
You are immune to unholy pain and torment.
You can survive without breathing.

Vault maps used:
D:1:      eino_arrival_cavern_d
D:2:      lemuel_coloured_pillars_altar


Message History

Found a stone staircase leading down.
There is an open door here.
You open the door.
There is an open door here.
A goblin comes into view.
The goblin shouts!
An adder comes into view.
A kobold comes into view. It is wielding a club.
Your leather armour prevents you from hitting the goblin.
The goblin completely misses you.
You hit the goblin.
The goblin is heavily wounded.
The goblin closely misses you. The goblin hits you but does no damage.
You hit the goblin but do no damage.
The goblin is heavily wounded.
The goblin hits you.
You barely miss the goblin.
The goblin is heavily wounded.
The goblin hits you but does no damage.
You slash the goblin!
You kill the goblin!
The adder completely misses you.
You barely miss the adder.
You feel your flesh rotting away. The adder closely misses you.
The adder bites you.
You hit the adder.
The adder is heavily wounded.
The adder bites you. The adder closely misses you.
You completely miss the adder.
The adder is heavily wounded.
The adder bites you but does no damage. The adder misses you.
An adder comes into view.
You barely miss the adder.
The adder is heavily wounded.
The adder bites you but does no damage.
Unknown command.
You hit the adder but do no damage.
The adder is heavily wounded.
The adder bites you. The adder bites you but does no damage.
You barely miss the adder.
The adder is heavily wounded.
The adder bites you. The adder misses you.
Your leather armour prevents you from hitting the adder.
The adder is heavily wounded.
The adder bites you. x2
Unknown command.
Throwing (i - inventory):
d - 3 throwing nets (quivered)
Press: ? - help, Shift-Dir - straight line, f - adder
Aim: an adder (heavily wounded)
You throw a throwing net.
The throwing net barely misses the adder.
The throwing net barely misses the kobold.
The throwing net closely misses the adder.
The adder bites you.
Unknown command.
Throwing (i - inventory):
d - 2 throwing nets (quivered)
Press: ? - help, Shift-Dir - straight line, f/p - adder
Aim: an adder (heavily wounded)
You throw a throwing net. The throwing net hits the adder.
The adder is caught in the net!
The adder is heavily wounded.
The adder struggles to escape the net.
Unknown command.
You hit the adder.
The adder is almost dead.
The adder struggles to escape the net. x2
You barely miss the adder.
The adder is almost dead.
The adder struggles to escape the net.
The helpless adder fails to defend itself.
You hit the adder.
The adder is almost dead.
The adder struggles to escape the net.
The adder breaks free.
The adder bites you but does no damage.
You barely miss the adder.
The adder is almost dead.
The adder bites you.
* * * LOW HITPOINT WARNING * * *
You completely miss the adder.
The adder is almost dead.
The adder bites you but does no damage. The adder closely misses you.
Unknown command.
You hit the adder.
You kill the adder!
The kobold hits you with a club.
* * * LOW HITPOINT WARNING * * *
The kobold throws a stone.
The stone misses you.
Throwing (i - inventory):
d - a throwing net (quivered)
Press: ? - help, Shift-Dir - straight line, f - adder
Aim: an adder You throw a throwing net.
The throwing net completely misses the adder.
The adder closely misses you.
Unknown command.
You slash the adder!
The adder is severely wounded.
The adder bites you.
* * * LOW HITPOINT WARNING * * *
The adder bites you.
You die...

###..## ##.......# ##.<.....
##...####.........####...####.
#.......'.........+...........
##...####.......>.####...#####
#..## ##.......# ##..# # .....
##..)..## ##.# # #.##.#.
##...## #.# # ..#.# ##'## #)#
.###.# #@# #.# . #. #S# #.#
#..###.########K## #.#
#.(......(.S.#.(.## #.#
##.###.#####......# ..# #.
#.#...## ### #. #.##.## ..
....... #. .#.##(###


You could see an adder and a kobold.

Table legend:
 A = Kills in this place as a percentage of kills in entire the game.
 B = Kills by you in this place as a percentage of kills by you in the entire game.
 C = Kills by friends in this place as a percentage of kills by friends in the entire game.
 D = Other kills in this place as a percentage of other kills in the entire game.
 E = Experience gained in this place as a percentage of experience gained in the entire game.
 F = Experience gained in this place divided by the number of levels of this place that you have seen.
                   A       B       C       D       E      F
               +-------+-------+-------+-------+-------+----------------------
         Total | 100.0 | 100.0 |  -nan |  -nan | 100.0 |  27.0
       Dungeon | 100.0 | 100.0 |  -nan |  -nan | 100.0 |  27.0
               +-------+-------+-------+-------+-------+----------------------

Vanquished Creatures
  An adder (D:2)
  3 bats
  2 giant cockroaches (D:1)
  5 hobgoblins
  3 jackals (D:1)
  A giant newt (D:1)
  5 goblins
  6 kobolds
  A rat (D:1)
27 creatures vanquished.

Notes
Turn   | Place    | Note
--------------------------------------------------------------
     0 | D:1      | magipi, the Ghoul Gladiator, began the quest for the Orb.
     0 | D:1      | Reached XP level 1. HP: 17/17 MP: 1/1
   112 | D:1      | Reached skill level 3 in Axes
   114 | D:1      | Reached XP level 2. HP: 4/24 MP: 2/2
   464 | D:2      | Reached XP level 3. HP: 29/29 MP: 3/3
   640 | D:2      | Slain by an adder

Action                   || total
-------------------------++-------
Melee: War axe           ||    95
Throw: Throwing net      ||     3
 Stab: Held in net/web   ||     1
  Eat: Chunk             ||     8

Action                   || total
-------------------------++-------
Melee: War axe           ||    95
Throw: Throwing net      ||     3
 Stab: Held in net/web   ||     1
  Eat: Chunk             ||     8

Action                   || total
-------------------------++-------
Melee: War axe           ||    95
Throw: Throwing net      ||     3
 Stab: Held in net/web   ||     1
  Eat: Chunk             ||     8
